PIO (24 & UNDER)
JASPER COUGARS @ SALEM SLEDGEHAMMERS
07/26/2024
 
TOP OF THE 1ST
Jasper Cougars batting - Pitching for Salem Sledgehammers : RHP Roberto Moreno
Pitching: RHP Roberto Moreno
Batting: LHB Jon Scott 0-0: SINGLE (Flyball, 7S)
Batting: RHB Juan Carlos 0-0: Ball
1-0: Swinging Strike
1-1: Foul Ball, location: 2F
1-2: Ball
2-2: Ball
3-2: Strikes out swinging
Batting: RHB Joe Smith 0-0: Ball
1-0: Ball
2-0: Foul Ball, location: 2F
2-1: SINGLE (Groundball, 34)
Jon Scott to second
Runner from 2nd tries for 3rd, SAFE, throw made to third
Joe Smith to second
Batting: SHB Ron Edwards 0-0: Ball
1-0: Ball
2-0: Called Strike
2-1: Foul Ball, location: 2F
2-2: Ball
3-2: Strikes out looking
Batting: LHB António Camacho 0-0: Foul Ball, location: 2F
0-1: Ball
1-1: Ball
2-1: Fly out, F3 (Line Drive, 34)
Top of the 1st over - 0 run(s), 2 hit(s), 0 error(s), 2 left on base; Jasper 0 - Salem 0
BOTTOM OF THE 1ST
Salem Sledgehammers batting - Pitching for Jasper Cougars : RHP Dae-ho Kim
Pitching: RHP Dae-ho Kim
Batting: RHB Soshu Nakamura 0-0: Called Strike
0-1: Foul Ball, location: 2F
0-2: Ball
1-2: Ball
2-2: SINGLE (Line Drive, 7S)
Batting: RHB Dale Reeves 0-0: Called Strike
0-1: Ball
Pickoff Throw to First - Error! E1
Soshu Nakamura to second
1-1: Called Strike
Soshu Nakamura steals 3rd base
1-2: Foul Ball, location: 2F
1-2: SINGLE (Flyball, 56D)
Soshu Nakamura scores
Batting: LHB Nathan Frey 0-0: Ball
1-0: SINGLE (Groundball, 34)
Dale Reeves to second
Runner from 2nd tries for 3rd, SAFE, no throw or cutoff
Batting: RHB Sergio Mata 0-0: Foul Ball, location: 2F
0-1: Ball
1-1: Foul Ball, location: 2F
1-2: Strikes out looking
Batting: LHB Juan Aguilar Balk!
Dale Reeves scores
Nathan Frey to second
0-0: Foul Ball, location: 2F
0-1: Ball
1-1: Foul Ball, location: 2F
1-2: Ball
2-2: Foul Ball, location: 2F
2-2: Ball
3-2: Ground out 4-3 (Groundball, 34D)
Nathan Frey to third
Batting: LHB Brent Alonzo 0-0: Ball
1-0: Ball
2-0: Called Strike
2-1: Called Strike
2-2: Ball
3-2: Base on Balls
Batting: SHB Luis Alonso 0-0: Ball
1-0: Ball
2-0: Ball
3-0: Called Strike
3-1: Base on Balls
Brent Alonzo to second
Batting: RHB Finn Buys 0-0: Foul Ball, location: 2F
0-1: Ball
1-1: Foul Ball, location: 2F
1-2: Hit by Pitch
Nathan Frey scores
Brent Alonzo to third
Luis Alonso to second
Batting: RHB Gilberto Silva 0-0: Foul Ball, location: 2F
0-1: Fly out, F5 (Line Drive, 5)
Bottom of the 1st over - 3 run(s), 3 hit(s), 1 error(s), 3 left on base; Jasper 0 - Salem 3
TOP OF THE 2ND
Jasper Cougars batting - Pitching for Salem Sledgehammers : RHP Roberto Moreno
Batting: LHB John Stone 0-0: Bunted foul
0-1: Foul Ball, location: 2F
0-2: Ball
1-2: Ground out 4-3 (Groundball, 34)
Batting: SHB Rafael Acosta 0-0: Ball
1-0: Foul Ball, location: 2F
1-1: Ball
2-1: Called Strike
2-2: Foul Ball, location: 2F
2-2: Ball
3-2: Foul Ball, location: 2F
3-2: Base on Balls
Batting: RHB George Reeves 0-0: Called Strike
0-1: Ball
1-1: Swinging Strike
1-2: Ball
Rafael Acosta is caught stealing 2nd base
2-2: Ball
3-2: Strikes out swinging
Top of the 2nd over - 0 run(s), 0 hit(s), 0 error(s), 0 left on base; Jasper 0 - Salem 3
BOTTOM OF THE 2ND
Salem Sledgehammers batting - Pitching for Jasper Cougars : RHP Dae-ho Kim
Batting: RHB Soshu Nakamura 0-0: Ball
1-0: Ball
2-0: Called Strike
2-1: Called Strike
2-2: Strikes out looking
Batting: RHB Dale Reeves 0-0: Ground out 4-3 (Groundball, 4)
Batting: LHB Nathan Frey 0-0: Called Strike
0-1: Ball
1-1: Called Strike
1-2: Strikes out swinging
Bottom of the 2nd over - 0 run(s), 0 hit(s), 0 error(s), 0 left on base; Jasper 0 - Salem 3
TOP OF THE 3RD
Jasper Cougars batting - Pitching for Salem Sledgehammers : RHP Roberto Moreno
Batting: RHB Mason Thompson 0-0: Foul Ball, location: 2F
0-1: Ball
1-1: Ball
2-1: Foul Ball, location: 2F
2-2: Foul Ball, location: 2F
2-2: Strikes out swinging
Batting: LHB Jon Scott 0-0: Ball
1-0: Ball
2-0: Called Strike
2-1: Foul Ball, location: 2F
2-2: Strikes out swinging
Batting: RHB Juan Carlos 0-0: Called Strike
0-1: Foul Ball, location: 2F
0-2: Ball
1-2: Fly out, F3 (Popup, 3F)
Top of the 3rd over - 0 run(s), 0 hit(s), 0 error(s), 0 left on base; Jasper 0 - Salem 3
BOTTOM OF THE 3RD
Salem Sledgehammers batting - Pitching for Jasper Cougars : RHP Dae-ho Kim
Batting: RHB Sergio Mata 0-0: Ground out 6-3 (Groundball, 6)
Batting: LHB Juan Aguilar 0-0: Called Strike
0-1: SINGLE (Line Drive, 8RS)
Batting: LHB Brent Alonzo 0-0: Ball
1-0: Foul Ball, location: 2F
1-1: Ball
2-1: Fielders Choice at 2nd, 3-6 (Groundball, 34)
Batting: SHB Luis Alonso 0-0: Ball
1-0: Ball
2-0: SINGLE (Groundball, 6MD)
Brent Alonzo to second
Batting: RHB Finn Buys 0-0: Ball
1-0: Ball
2-0: Ball
3-0: Base on Balls
Brent Alonzo to third
Luis Alonso to second
Batting: RHB Gilberto Silva 0-0: Called Strike
0-1: Ball
1-1: Ball
2-1: Ball
3-1: SINGLE (Line Drive, 6M)
Brent Alonzo scores
Luis Alonso to third
Finn Buys to second
Batting: RHB Soshu Nakamura 0-0: Ball
Wild Pitch!
Luis Alonso scores
Finn Buys to third
Gilberto Silva to second
1-0: Swinging Strike
1-1: Foul Ball, location: 2F
1-2: Strikes out looking
Bottom of the 3rd over - 2 run(s), 3 hit(s), 0 error(s), 2 left on base; Jasper 0 - Salem 5
TOP OF THE 4TH
Jasper Cougars batting - Pitching for Salem Sledgehammers : RHP Roberto Moreno
Batting: RHB Joe Smith 0-0: Called Strike
0-1: Swinging Strike
0-2: Strikes out looking
Batting: SHB Ron Edwards 0-0: Ball
1-0: Ball
2-0: Ball
3-0: Called Strike
3-1: Foul Ball, location: 2F
3-2: Foul Ball, location: 2F
3-2: SINGLE (Groundball, 15) (infield hit)
Batting: LHB António Camacho 0-0: Swinging Strike
0-1: Ball
1-1: Called Strike
1-2: Strikes out looking
Batting: LHB John Stone 0-0: Ball
1-0: Ball
2-0: Ball
3-0: Called Strike
3-1: SINGLE (Line Drive, 6MD)
Ron Edwards to second
Batting: SHB Rafael Acosta 0-0: Fly out, F7 (Flyball, 7S)
Top of the 4th over - 0 run(s), 2 hit(s), 0 error(s), 2 left on base; Jasper 0 - Salem 5
BOTTOM OF THE 4TH
Salem Sledgehammers batting - Pitching for Jasper Cougars : RHP Dae-ho Kim
Batting: RHB Dale Reeves 0-0: Ball
1-0: Ball
2-0: Ball
3-0: Called Strike
3-1: Called Strike
3-2: Foul Ball, location: 2F
3-2: Fly out, F7 (Flyball, 7M)
Batting: LHB Nathan Frey 0-0: Ball
1-0: Called Strike
1-1: Foul Ball, location: 2F
1-2: Foul Ball, location: 2F
1-2: Ball
2-2: Foul Ball, location: 2F
2-2: Foul Ball, location: 2F
2-2: Ball
3-2: Base on Balls
Pitching: RHP José Orozco
Batting: RHB Sergio Mata 0-0: Ball
1-0: Ball
2-0: Fly out, F9 (Flyball, 89M)
Batting: LHB Juan Aguilar 0-0: Ball
1-0: Foul Ball, location: 2F
1-1: Foul Ball, location: 2F
1-2: Foul Ball, location: 2F
1-2: Ball
2-2: Ball
3-2: Foul Ball, location: 2F
3-2: Strikes out swinging
Bottom of the 4th over - 0 run(s), 0 hit(s), 0 error(s), 1 left on base; Jasper 0 - Salem 5
TOP OF THE 5TH
Jasper Cougars batting - Pitching for Salem Sledgehammers : RHP Roberto Moreno
Batting: RHB George Reeves 0-0: Ball
1-0: Called Strike
1-1: Ball
2-1: Ball
3-1: Base on Balls
Batting: RHB Mason Thompson 0-0: Ball
1-0: Foul Ball, location: 2F
1-1: Called Strike
George Reeves steals 2nd base
1-2: Ball
2-2: Foul Ball, location: 2F
2-2: Strikes out swinging
Pitching: RHP Omar Camacho
Batting: LHB Jon Scott 0-0: Ball
1-0: Foul Ball, location: 2F
1-1: Called Strike
1-2: Strikes out looking
Batting: RHB Juan Carlos 0-0: Ball
1-0: Called Strike
1-1: SINGLE (Groundball, 25) (infield hit)
George Reeves to third
Batting: RHB Joe Smith 0-0: Foul Ball, location: 2F
0-1: Swinging Strike
0-2: Strikes out swinging
Top of the 5th over - 0 run(s), 1 hit(s), 0 error(s), 2 left on base; Jasper 0 - Salem 5
BOTTOM OF THE 5TH
Salem Sledgehammers batting - Pitching for Jasper Cougars : RHP José Orozco
Batting: LHB Brent Alonzo 0-0: Ball
1-0: Ball
2-0: Foul Ball, location: 2F
2-1: Ground out 5-3 (Groundball, 5L)
Batting: SHB Luis Alonso 0-0: Ball
1-0: Ground out 6-3 (Groundball, 6M)
Batting: RHB Finn Buys 0-0: Ball
1-0: Ball
2-0: Foul Ball, location: 2F
2-1: Ball
3-1: Base on Balls
Batting: RHB Gilberto Silva 0-0: Ball
1-0: Ball
2-0: Ground out 3-1 (Groundball, 34S)
Bottom of the 5th over - 0 run(s), 0 hit(s), 0 error(s), 1 left on base; Jasper 0 - Salem 5
TOP OF THE 6TH
Jasper Cougars batting - Pitching for Salem Sledgehammers : RHP Omar Camacho
Batting: SHB Ron Edwards 0-0: Ball
1-0: Called Strike
1-1: Fly out, F8 (Flyball, 8LM)
Batting: LHB António Camacho 0-0: Ground out 6-3 (Groundball, 6M)
Batting: LHB John Stone 0-0: Called Strike
0-1: Ball
1-1: Ball
2-1: Reached on error, E6 (Groundball, 6)
Batting: SHB Rafael Acosta 0-0: Ball
1-0: Fly out, F8 (Flyball, 8LD)
Top of the 6th over - 0 run(s), 0 hit(s), 1 error(s), 1 left on base; Jasper 0 - Salem 5
BOTTOM OF THE 6TH
Salem Sledgehammers batting - Pitching for Jasper Cougars : RHP José Orozco
Batting: RHB Soshu Nakamura 0-0: Called Strike
0-1: Fly out, F7 (Flyball, 7M)
Batting: RHB Dale Reeves 0-0: Ball
1-0: Called Strike
1-1: Ball
2-1: Ball
3-1: Base on Balls
Batting: LHB Nathan Frey 0-0: Ball
1-0: Called Strike
1-1: Foul Ball, location: 2F
1-2: Strikes out swinging
Batting: RHB Sergio Mata 0-0: Ball
Throwing error on steal attempt, E2
Dale Reeves to third
1-0: Foul Ball, location: 2F
1-1: Called Strike
1-2: Strikes out swinging
Bottom of the 6th over - 0 run(s), 0 hit(s), 1 error(s), 1 left on base; Jasper 0 - Salem 5
TOP OF THE 7TH
Jasper Cougars batting - Pitching for Salem Sledgehammers : RHP Omar Camacho
Batting: RHB George Reeves 0-0: Called Strike
0-1: Called Strike
0-2: Ball
1-2: Ground out U3 (Groundball, 3)
Pitching: RHP Guillermo Martínez
Batting: RHB Mason Thompson 0-0: Foul Ball, location: 2F
0-1: Ball
1-1: Foul Ball, location: 2F
1-2: Strikes out swinging
Batting: LHB Jon Scott 0-0: Ball
1-0: Ball
2-0: Called Strike
2-1: Swinging Strike
2-2: Ball
3-2: SINGLE (Groundball, 4M)
Batting: RHB Juan Carlos 0-0: Ball
1-0: Ball
2-0: Foul Ball, location: 2F
2-1: Swinging Strike
2-2: Strikes out swinging
Top of the 7th over - 0 run(s), 1 hit(s), 0 error(s), 1 left on base; Jasper 0 - Salem 5
BOTTOM OF THE 7TH
Salem Sledgehammers batting - Pitching for Jasper Cougars : RHP José Orozco
Pitching: RHP Aaron Green
Batting: LHB Juan Aguilar 0-0: Ball
1-0: Called Strike
1-1: Ground out 4-3 (Groundball, 4M)
Batting: LHB Brent Alonzo 0-0: Foul Ball, location: 2F
0-1: Ball
1-1: Called Strike
1-2: Ground out 1-3 (Groundball, 13)
Batting: SHB Luis Alonso 0-0: Swinging Strike
0-1: Fly out, F8 (Flyball, 8LM)
Bottom of the 7th over - 0 run(s), 0 hit(s), 0 error(s), 0 left on base; Jasper 0 - Salem 5
TOP OF THE 8TH
Jasper Cougars batting - Pitching for Salem Sledgehammers : RHP Guillermo Martínez
Batting: RHB Joe Smith 0-0: Ball
1-0: Called Strike
1-1: Ball
2-1: Ground out 6-3 (Groundball, 6)
Batting: SHB Ron Edwards 0-0: Called Strike
0-1: Foul Ball, location: 2F
0-2: Ball
1-2: Ground out 4-3 (Groundball, 4)
Batting: LHB António Camacho 0-0: Ball
1-0: Ball
2-0: Called Strike
2-1: Ball
3-1: Base on Balls
Pitching: RHP Jeff Hansen
Batting: LHB John Stone 0-0: Ball
1-0: Ball
2-0: Called Strike
2-1: Foul Ball, location: 2F
2-2: Strikes out swinging
Top of the 8th over - 0 run(s), 0 hit(s), 0 error(s), 1 left on base; Jasper 0 - Salem 5
BOTTOM OF THE 8TH
Salem Sledgehammers batting - Pitching for Jasper Cougars : RHP Aaron Green
Batting: RHB Finn Buys 0-0: Called Strike
0-1: Ball
1-1: Fly out, F9 (Flyball, 89D)
Batting: RHB Gilberto Silva 0-0: Called Strike
0-1: Swinging Strike
0-2: Ball
1-2: Fly out, F7 (Flyball, 7M)
Batting: RHB Soshu Nakamura 0-0: Ground out 6-3 (Groundball, 6)
Bottom of the 8th over - 0 run(s), 0 hit(s), 0 error(s), 0 left on base; Jasper 0 - Salem 5
TOP OF THE 9TH
Jasper Cougars batting - Pitching for Salem Sledgehammers : RHP Jeff Hansen
Batting: SHB Rafael Acosta 0-0: Called Strike
0-1: Ball
1-1: Foul Ball, location: 2F
1-2: Strikes out swinging
Batting: RHB George Reeves 0-0: Ball
1-0: Called Strike
1-1: Called Strike
1-2: Foul Ball, location: 2F
1-2: Foul Ball, location: 2F
1-2: Strikes out looking
Batting: RHB Mason Thompson 0-0: Foul Ball, location: 2F
0-1: Foul Ball, location: 2F
0-2: Ball
1-2: Ball
2-2: Strikes out swinging
Top of the 9th over - 0 run(s), 0 hit(s), 0 error(s), 0 left on base; Jasper 0 - Salem 5
This league is powered by Out of the Park Baseball, the baseball management simulation game for PC, Mac and Linux
Saturday, April 9th, 2016 - OOTP Baseball 16.8 Build 38